 Dungeon Crawl Stone Soup version 0.22-a0-410-g97be04f (webtiles) character file.

7348 4thArraOfDagon the Cleaver (level 10, -7/211 HPs)
             Began as a Deep Dwarf Berserker on May 11, 2018.
             Was a Believer of Trog.
             Killed from afar by a deep elf mage (11 damage)
             ... with a sticky flame
             ... on level 13 of the Dungeon.
             The game lasted 00:11:09 (1764 turns).

4thArraOfDagon the Cleaver (Deep Dwarf Berserker)   Turns: 1764, Time: 00:11:10

Health: -7/211     AC: 25    Str: 30    XL:     10   Next: 91%
Magic:  9/9        EV:  2    Int:  3    God:    Trog [**....]
Gold:   304        SH:  0    Dex:  8    Spells: 9/9 levels left

rFire    . . .     SeeInvis +   o - +0 war axe (chop)
rCold    . . .     Gourm    .   (no shield)
rNeg     + + +     Faith    .   (armour currently unavailable)
rPois    +         Spirit   .   (helmet currently unavailable)
rElec    .         Reflect  .   (cloak currently unavailable)
rCorr    .         Harm     .   (gloves currently unavailable)
MR       ++++.     NoTele   +   (boots currently unavailable)
Stlth    ..........             (no amulet)
HPRegen  0.00/turn              t - ring of Qyduduih {MR+++ Int-4 Dex-4 SInv Stlth-}
MPRegen  0.11/turn              (no ring)

@: berserking (expiring), liquid flames, tree-form (expiring), non-regenerating,
glowing, very quick
A: damage resistance, heal wounds, sense surroundings 2, no regeneration
a: Heal Wounds, Berserk, Trog's Hand, Renounce Religion


You were on level 13 of the Dungeon.
You worshipped Trog.
Trog was pleased with you.
You were very hungry.
You were a tree.
You visited 1 branch of the dungeon, and saw 13 of its levels.

You collected 304 gold pieces.

Inventory:

Hand Weapons
 a - a +0 hand axe
 o - a +0 war axe of chopping (weapon)
 r - the cursed +3 long sword "Guwuich" {speed, *Drain Str+10 Dex+4}
   (You found it on level 7 of the Dungeon)

   Attacks with this weapon are significantly faster.
   It affects your strength (+10).
   It affects your dexterity (+4).
   It causes draining when unequipped.
   It has a curse placed upon it.
Missiles
 h - 2 poisoned tomahawks (quivered)
Armour
 b - a +0 animal skin
 g - a +0 scale mail (melded)
 l - a +1 helmet (melded)
 v - a +2 buckler
Jewellery
 t - the ring of Qyduduih (left branch) {MR+++ Int-4 Dex-4 SInv Stlth-}
   (You found it on level 8 of the Dungeon)

   [ring of loudness]

   It affects your intelligence (-4).
   It affects your dexterity (-4).
   It affects your resistance to hostile enchantments.
   It lets you see invisible.
   It makes you less stealthy.
Wands
 s - a wand of iceblast (1)
Scrolls
 d - a scroll of immolation {unknown}
 e - a scroll of enchant armour
 f - a scroll of fear {unknown}
 j - a scroll of remove curse {unknown}
 n - a scroll of enchant weapon {unknown}
 p - 2 scrolls of teleportation {unknown}
 u - a scroll of magic mapping {unknown}
 y - a scroll of holy word {unknown}
Potions
 w - a potion of berserk rage
 x - a potion of might {unknown}
Comestibles
 c - 13 rations
 q - 9 chunks of flesh


   Skills:
 + Level 7.4 Fighting
 * Level 11.9 Axes
 + Level 8.6 Armour
 + Level 8.6 Dodging


You had 9 spell levels left.
You didn't know any spells.

Dungeon Overview and Level Annotations

Branches:
Dungeon (14/15)
 Temple: D:4-7         Lair: D:8-11         Orc: D:9-12      Vaults: D:13-14

Altars:

Annotations:
D:7 4thArraOfDagon's ghost, novice DDBe


Innate Abilities, Weirdness & Mutations

You are resistant to damage.
You can heal yourself by infusing magical energy.
You passively map the area around you.
You do not regenerate.


Message History

Trog accepts your kill.
You hit the unseen horror. You closely miss the centaur.
The unseen horror hits you but does no damage.
The centaur hits you but does no damage.
The unseen horror hits you but does no damage.
Unknown command.
You closely miss the centaur.
The centaur is almost dead.
You hit the unseen horror.
You kill the unseen horror!
Trog accepts your kill.
Unknown command.
Unknown command.
You barely miss the deep elf mage. You slash the centaur!
You kill the centaur!
Trog accepts your kill. The deep elf mage casts a spell at you.
The sticky flame hits you!
You are covered in liquid flames!
You die...

,,
.#####........... ,
,
*######..##(.).....
* , ,
#.......##)....#..
* ,
##..........##....#
* , ,
...........(.......
, , , ,,
*#...(..(##.#..####
, ,,
#...(.(..$.......,
, , ,*
#.....?e##.%.##...
* #.....)♣##c....
.., ,
##########.##... .
, * ,... ... * * *
... ..., , , , * ,
, , ,, , , , * , ,,
* , * , , ,, , < ,
, , * ,, , * ,* * ,
,,


You could see a deep elf mage.

Vanquished Creatures
  2 centaur warriors (D:13)
  A tengu warrior (D:13)
  An unseen horror (D:13)
  A cyclops (D:13)
  2 tengu conjurers
  4 hippogriffs
  5 yaks (D:12)
  A wyvern (D:13)
  A hungry ghost (D:12)
  4 vampire mosquitoes (D:12)
  Menkaure (D:5)
  A black bear (D:7)
  A hornet zombie (D:13)
  An orc warrior (D:13)
  2 ice beasts
  A necrophage (D:6)
  2 ogres
  5 centaurs
  Blork the orc (D:4)
  A bullfrog (D:13)
  A scorpion (D:10)
  A howler monkey (D:7)
  An orc priest (D:5)
  An orc wizard (D:5)
  3 hounds
  4 centaur skeletons
  An iguana (D:6)
  A worker ant (D:5)
  An ogre zombie (D:4)
  Robin (D:4)
  9 adders
  2 gnoll zombies (D:4)
  A howler monkey skeleton (D:6)
  An orc zombie (D:4)
  An adder zombie (D:6)
  2 leopard geckos
  13 orcs
  14 goblins
  2 hobgoblins (D:2)
  5 kobolds
  A quokka (D:3)
  A frilled lizard (D:3)
  A jackal skeleton (D:4)
106 creatures vanquished.

Notes
Turn   | Place    | Note
-------+----------+-------------------------------------------
     0 | D:1      | 4thArraOfDagon the Deep Dwarf Berserker began the quest for the Orb.
     0 | D:1      | Reached XP level 1. HP: 20/20 MP: 1/1
    47 | D:2      | Reached XP level 2. HP: 14/27 MP: 2/2
   160 | D:2      | Reached XP level 3. HP: 21/33 MP: 3/3
   161 | D:2      | Reached skill level 4 in Axes
   300 | D:4      | Reached XP level 4. HP: 19/42 MP: 4/4
   303 | D:4      | Noticed Blork the orc
   372 | D:4      | Found a transporter.
   462 | D:4      | Killed Blork the orc
   462 | D:4      | Reached XP level 5. HP: 13/49 MP: 5/5
   467 | D:4      | Noticed Robin
   484 | D:4      | Reached ** piety under Trog
   498 | D:4      | Killed Robin
   498 | D:4      | Reached skill level 5 in Axes
   558 | D:4      | Found a transporter.
   656 | D:5      | Entered Level 5 of the Dungeon
   656 | D:5      | Noticed an ice beast
   669 | D:5      | Noticed Menkaure
   677 | D:5      | :O
   679 | D:5      | Killed Menkaure
   679 | D:5      | Reached XP level 6. HP: 8/57 MP: 6/6
   680 | D:5      | Killed an ice beast
   716 | D:5      | Reached skill level 6 in Axes
   722 | D:5      | Reached XP level 7. HP: 15/64 MP: 7/7
  1014 | D:7      | Got a brightly glowing long sword
  1071 | D:7      | Reached skill level 7 in Axes
  1074 | D:7      | Reached skill level 5 in Armour
  1074 | D:7      | Reached skill level 5 in Dodging
  1074 | D:7      | Reached XP level 8. HP: 50/73 MP: 8/8
  1094 | D:7      | Noticed a hippogriff
  1097 | D:7      | Noticed 4thArraOfDagon's ghost (novice DDBe)
  1104 | D:8      | Killed a hippogriff
  1118 | D:8      | Noticed a two-headed ogre
  1118 | D:8      | Got a sparkling bone ring
  1137 | D:9      | Identified the ring of Qyduduih {MR+++ Int-4 Dex-4 SInv Stlth-} (You found it on level 8 of the Dungeon)
  1164 | D:9      | Noticed a deep elf mage
  1167 | D:9      | Noticed a demonic crawler
  1167 | D:9      | Noticed a jumping spider
  1167 | D:10     | Entered Level 10 of the Dungeon
  1178 | D:10     | Reached skill level 5 in Fighting
  1178 | D:10     | Reached skill level 8 in Axes
  1180 | D:10     | You fall through a shaft for 2 floors!
  1189 | D:12     | Identified the cursed +3 long sword "Guwuich" {speed, *Drain Str+10 Dex+4} (You found it on level 7 of the Dungeon)
  1197 | D:12     | Noticed a hippogriff
  1216 | D:12     | Killed a hippogriff
  1267 | D:12     | Gained mutation: You passively map the area around you. [Deep Dwarf growth]
  1267 | D:12     | Reached XP level 9. HP: 35/81 MP: 9/9
  1268 | D:12     | Reached skill level 9 in Axes
  1324 | D:12     | Noticed a tengu conjurer
  1331 | D:12     | Killed a tengu conjurer
  1415 | D:12     | Reached skill level 10 in Axes
  1553 | D:13     | Noticed a cyclops
  1633 | D:13     | Noticed a centaur warrior
  1660 | D:13     | Reached XP level 10. HP: 32/92 MP: 10/10
  1688 | D:13     | Noticed a centaur warrior
  1701 | D:13     | Killed a centaur warrior
  1709 | D:13     | Noticed a centaur warrior
  1711 | D:13     | Noticed an unseen horror
  1713 | D:13     | HP: 3/92 [centaur warrior/arrow (8)]
  1722 | D:13     | Noticed a tengu warrior
  1737 | D:13     | Killed a centaur warrior
  1737 | D:13     | Reached skill level 11 in Axes
  1743 | D:13     | Killed a cyclops
  1746 | D:13     | Noticed a deep elf mage
  1758 | D:13     | HP: 9/211 [tengu warrior/great sword of holy wrath (13)]
  1761 | D:13     | HP: 4/211 [tengu warrior/great sword of holy wrath (4)]
  1762 | D:13     | Killed a tengu warrior
  1763 | D:13     | Killed an unseen horror
  1764 | D:13     | Killed from afar by a deep elf mage

Vault maps used:
D:1:      lemuel_arrival_broad_hall
D:3:      bloody_makhleb, minmay_ogre_servants
D:4:      gammafunk_cloud_chamber, first_ration, uniq_natasha, uniq_robin,
          uniq_ijyb, uniq_blork_the_orc
D:5:      minmay_misc_feat_pillars, uniq_sigmund, uniq_crazy_yiuf_cottage,
          uniq_menkaure
D:6:      minmay_temple_entry_enclosed_plants, serial_bayou_pond_e,
          st_stairs_12, hangedman_abyss_or_decor_stagger
D:7:      tso_oasis_becter, uniq_duvessa
D:9:      serial_shops, shop_fountains, trog_ov_bears_minmay, uniq_erolcha,
          uniq_erica, uniq_maurice, uniq_grum
D:12:     grunt_tengu_nest, minmay_misc_feat_plants, serial_park_tiny_2,
          uniq_urug
D:13:     basic_altar, tso_metal_star
D:14:     erik_vaults_2, kennysheep_another_room

Skill      XL: |  1  2  3  4  5  6  7  8  9 10 |
---------------+-------------------------------+-----
Fighting       | 3 4 5 6 7 |  7.4
Axes           | 4 5 6 7 8 10 11 | 11.9
Armour         | 3 4 5 6 7 8 |  8.6
Dodging        | 3 4 5 6 7 8 |  8.6

Action                   |  1- 3 |  4- 6 |  7- 9 | 10-12 || total
-------------------------+-------+-------+-------+-------++-------
Melee: Hand axe          |    34 |    97 |       |       ||   131
       War axe           |       |    21 |   144 |    53 ||   218
Invok: Berserk           |     4 |     3 |    10 |     2 ||    19
       Trog's Hand       |       |     6 |    11 |     1 ||    18
 Abil: Heal Wounds       |       |     1 |     1 |    11 ||    13
Evoke: Wand              |       |       |     2 |       ||     2
  Use: Potion            |     1 |     2 |       |     3 ||     6
       Scroll            |       |       |     5 |       ||     5
  Eat: Chunk             |     1 |     6 |    20 |     2 ||    29
Armor: Animal skin       |     2 |       |       |       ||     2
       Scale mail        |       |    55 |    88 |    16 ||   159
       Skin              |       |       |       |   102 ||   102
Dodge: Dodged            |    22 |    96 |   125 |    29 ||   272

Table legend:
 A = Spawn XP
 B = Non-spawn XP
 C = Spawn XP percentage of total XP
 D = Spawn monster count
 E = Non-spawn monster count
 F = Spawn count percentage of total count
 G = Total turns spent on level
                    A         B        C        D         E        F      G
               +---------+---------+-------+---------+---------+-------+---------
         Total |       0 |   10498 |   0.0 |       0 |     106 |   0.0 |  1764
               +---------+---------+-------+---------+---------+-------+---------
           D:1 |       0 |      10 |   0.0 |       0 |       5 |   0.0 |    33
           D:2 |       0 |      50 |   0.0 |       0 |       8 |   0.0 |   222
           D:3 |       0 |      27 |   0.0 |       0 |       7 |   0.0 |    94
           D:4 |       0 |     260 |   0.0 |       0 |      22 |   0.0 |   307
           D:5 |       0 |     464 |   0.0 |       0 |       8 |   0.0 |   168
           D:6 |       0 |     271 |   0.0 |       0 |      10 |   0.0 |   144
           D:7 |       0 |     475 |   0.0 |       0 |       6 |   0.0 |   118
           D:8 |       0 |     243 |   0.0 |       0 |       1 |   0.0 |    50
           D:9 |       0 |     112 |   0.0 |       0 |       1 |   0.0 |    31
          D:10 |       0 |     203 |   0.0 |       0 |       2 |   0.0 |    13
          D:12 |       0 |    2584 |   0.0 |       0 |      15 |   0.0 |   288
          D:13 |       0 |    5799 |   0.0 |       0 |      21 |   0.0 |   179
               +---------+---------+-------+---------+---------+-------+---------
